 Dungeon Crawl Stone Soup version 0.23-a0-808-gd21de94 (console) character file.

62 bli the Chopper (level 4, -4/36 HPs)
             Began as a Formicid Abyssal Knight on Jan 20, 2019.
             Was a Believer of Lugonu.
             Slain by Natasha (8 damage)
             ... on level 2 of the Dungeon.
             The game lasted 00:06:06 (1537 turns).

bli the Chopper (Formicid Abyssal Knight)           Turns: 1537, Time: 00:06:07

Health: -4/36      AC:  3    Str: 17    XL:     4   Next: 28%
Magic:  5/5        EV: 11    Int:  9    God:    Lugonu [**....]
Gold:   130        SH:  0    Dex: 10    Spells: 3/3 levels left

rFire    . . .     SeeInvis +   s - -1 spear (curse)
rCold    . . .     Gourm    .   (no shield)
rNeg     . . .     Faith    .   f - +0 leather armour
rPois    .         Spirit   .   (helmet unavailable)
rElec    .         Reflect  .   (no cloak)
rCorr    .         Harm     .   (no gloves)
MR       .....                  (no boots)
Stlth    +.........             (no amulet)
HPRegen  0.12/turn              g - -3 ring of intelligence (curse)
MPRegen  0.09/turn              (no ring)

@: no status effects
A: permanent stasis, dig shafts and tunnels, four strong arms, antennae 3
a: Dig, Shaft Self, Depart the Abyss, Bend Space, Renounce Religion


You were on level 2 of the Dungeon.
You worshipped Lugonu.
Lugonu was pleased with you.
You were not hungry.

You visited 1 branch of the dungeon, and saw 2 of its levels.
You visited the Abyss 1 time.

You collected 130 gold pieces.

Inventory:

Hand Weapons
 a - a +1 hand axe
 b - a cursed -1 short sword
 r - a +0 hunting sling of freezing
 s - a cursed -1 spear (weapon)
Missiles
 e - 44 sling bullets
 j - 110 stones (quivered)
 l - 5 tomahawks
 m - 5 javelins
 o - 5 needles of sleeping
Armour
 f - a +0 leather armour (worn)
 v - +0 fire dragon scales
Jewellery
 g - a cursed -3 ring of intelligence (left hand)
Scrolls
 h - 4 scrolls of identify {unknown}
 k - a scroll of random uselessness {unknown}
 n - 2 scrolls of fog {unknown}
 t - 3 scrolls of immolation {unknown}
 u - a scroll of blinking {unknown}
Potions
 d - 2 potions of curing {unknown}
 i - a potion of haste {unknown}
 p - a potion of magic {unknown}
Comestibles
 c - 4 rations
 q - 5 chunks of flesh


   Skills:
 + Level 3.6 Fighting
 + Level 3.8(3.9) Axes
 + Level 0.2(2.3) Polearms
 + Level 2.3 Armour
 - Level 1.0 Dodging
 - Level 2.1 Invocations


You had 3 spell levels left.
You didn't know any spells.
Your spell library was empty.

Dungeon Overview and Level Annotations

Branches:
Dungeon (2/15)

Altars:

Annotations:
D:2 Natasha


Innate Abilities, Weirdness & Mutations

You cannot be hasted, slowed, berserked, paralysed or teleported.
You can dig through walls and to a lower floor.
Your four strong arms can wield two-handed weapons with a shield.
You have a pair of large antennae on your head. (SInv)


Message History

Natasha barely misses you.
The crimson imp hits you but does no damage.
You barely miss Natasha.
Natasha is heavily wounded.
Natasha claws you. The crimson imp barely misses you.
You hit Natasha but do no damage.
Natasha is heavily wounded.
Natasha casts a spell at you.
Your stasis prevents you from being slowed.
The crimson imp hits you but does no damage.
You barely miss Natasha.
Natasha is heavily wounded.
Natasha claws you.
* * * LOW HITPOINT WARNING * * *
The crimson imp hits you.
* * * LOW HITPOINT WARNING * * *
You barely miss Natasha.
Natasha is heavily wounded.
Natasha claws you!
You die...

######## .......# #
######.# .# #
...###.############.#.#
......................
...................>#...
...###.######.<.5h).....
...###'#######.#@#
...##.....#....#.#
...##.....#.##.#.#
#####.....#......#
#.........#.###.#.
#.........'........
#####..(..#.###.#.#
#.....#..# #.....##.#
####### .. #.#


You could see Natasha and a crimson imp.

Vanquished Creatures
  3 dart slugs
  A leopard gecko (D:1)
  3 giant cockroaches (D:1)
  8 goblins
  2 hobgoblins (D:1)
  12 jackals
  4 bats (D:1)
  2 frilled lizards
  9 kobolds
  5 rats (D:1)
49 creatures vanquished.

Notes
Turn   | Place    | Note
-------+----------+-------------------------------------------
     0 | Abyss:1  | bli the Formicid Abyssal Knight began the quest for the
                  | Orb.
     0 | Abyss:1  | Reached XP level 1. HP: 18/18 MP: 2/2
    50 | Abyss:1  | Noticed a large abomination
    62 | Abyss:1  | Noticed a large abomination
    74 | Abyss:1  | Noticed a thrashing horror
    78 | D:1      | Escaped the Abyss
   356 | D:1      | Reached XP level 2. HP: 16/24 MP: 3/3
   436 | D:1      | Reached * piety under Lugonu
   665 | D:1      | Reached XP level 3. HP: 15/29 MP: 4/4
  1120 | D:1      | Reached skill level 1 in Dodging
  1390 | D:2      | Reached XP level 4. HP: 30/35 MP: 5/5
  1422 | D:2      | Reached ** piety under Lugonu
  1526 | D:2      | Noticed Natasha
  1537 | D:2      | Slain by Natasha

Vault maps used:
D:1:      dpeg_arrival_rooms_with_view, minmay_pentomino_z4
D:2:      uniq_natasha

Skill      XL: |  1  2  3 |
---------------+----------+-----
Axes           | 3 |  3.8
Dodging        | 1 |  1.0
Fighting       | |  3.6
Polearms       | |  0.2
Armour         | |  2.3
Invocations    | |  2.1

Action                   |  1- 3 |  4- 6 || total
-------------------------+-------+-------++-------
Melee: Hand axe          |   103 |       ||   103
       Spear             |     8 |    60 ||    68
Invok: Depart the Abyss  |     1 |       ||     1
 Abil: Dig               |     3 |       ||     3
  Eat: Chunk             |     2 |       ||     2
Armor: Leather armour    |    31 |    16 ||    47
Dodge: Dodged            |    80 |    28 ||   108

Table legend:
 A = Non-vault XP
 B = Vault XP
 C = Vault XP percentage of total XP
 D = Non-vault monster count
 E = Vault monster count
 F = Vault count percentage of total count
                 A         B        C        D         E       F
            +---------+---------+-------+---------+---------+-------
      Total |      82 |       7 |   7.9 |      45 |       4 |   8.2
            +---------+---------+-------+---------+---------+-------
        D:1 |      55 |       7 |  11.3 |      32 |       4 |  11.1
        D:2 |      27 |       0 |   0.0 |      13 |       0 |   0.0
            +---------+---------+-------+---------+---------+-------
